 Dungeon Crawl Stone Soup version 0.31.0-11-ge490571c62 (webtiles) character file.

Game seed: 12692282411262380051

22 qw the Shooter (level 2, -1/14 HPs)
             Began as a Spriggan Hunter on Feb 3, 2024.
             Succumbed to their own poison gas
             ... on level 1 of the Dungeon.
             The game lasted 00:00:01 (478 turns).

qw the Shooter (Spriggan Hunter)                     Turns: 478, Time: 00:00:02

Health: -1/14      AC:  3    Str:  7    XL:     2   Next: 68%
Magic:  3/3        EV: 19    Int: 10    God:
Gold:   37         SH:  0    Dex: 18    Spells: 1/1 levels left

rFire   . . .        a - +0 shortbow
rCold   . . .        (shield currently unavailable)
rNeg    . . .        c - +0 robe
rPois   .            (helmet restricted)
rElec   .            g - +0 cloak
rCorr   .            (gloves unavailable)
SInv    +            (boots unavailable)
Will    .....        (no amulet)
Stlth   ++           (no ring)
HPRegen 0.22/turn    (no ring)
MPRegen 0.08/turn

%: no passive effects
@: lethally poisoned (-1 -> -10), very quick
A: very small, no large weapons, unfitting armour, see invisible, speed 3
a: no special abilities


You were on level 1 of the Dungeon.
You visited 1 branch of the dungeon, and saw 1 of its levels.

You collected 37 gold pieces.


Innate Abilities, Weirdness & Mutations

You are very small and have problems with some larger weapons.
You are too small for most types of armour.
You have supernaturally acute eyesight. (SInv)
You cover ground extremely quickly. (Speed+++)


   Skills:
 - Level 1.5 Fighting
 + Level 4.2 Ranged Weapons
 - Level 4.0 Dodging
 - Level 1.5 Stealth


You had one spell level left.
You didn't know any spells.
Your spell library was empty.

Inventory:

Hand Weapons
 a - a +0 shortbow (weapon)
Armour
 c - a +0 robe (worn)
 g - a +0 cloak (worn)
Potions
 h - a potion of haste {unknown}

Dungeon Overview and Level Annotations

Branches:
Dungeon (1/15)

Altars:


Message History

As you read the scroll labelled BOWKEO ERGHARAZ, it crumbles to dust.
It was a scroll of poison.
Done exploring.
470 ||| DRINKING 2 bubbling white potions.
It was a potion of curing.
You feel better.
Done exploring.
471 ||| DROPPING scroll of butterflies.
You drop a scroll of butterflies.
Done exploring.
What level of the Dungeon? (default 1, ? - help) Sorry, I don't know how to get there.
Enter note:
Enter note:
Enter note:
Enter note:
Enter note:
Enter note:
Enter note:
Enter note:
Enter note:
Enter note:
Enter note:
Enter note: You are engulfed in poison gas.
You are poisoned.
You feel sick.
473 ||| Stepping ~*~*~tactically~*~*~ (cloud).
You feel sick.
You see here a scroll of butterflies.
474 ||| DRINKING potion of curing.
You feel better.
474 ||| (to cure poison)
You are engulfed in poison gas.
You are lethally poisoned!
You feel very sick.
476 ||| Stepping ~*~*~tactically~*~*~ (cloud).
You feel sick.
You see here a scroll of butterflies.
There is a lethal amount of poison in your body!
You feel very sick.
There is a lethal amount of poison in your body!
You die...

# #.##.........>##..........##
#.#......#########.........#
#......0.## #.........#
#......0¤.## #..)......#
#.......0¤.# #.........#
###....(.¤##¤### ##.#####..#
.>....)..¤0¤0¤¤## #.## ##.#
.##......0¤000¤¤## #..# #.#
.##......¤¤0¤¤0¤@#####.#####.#
..#.#....000¤¤0¤¤00###....##.###
#........¤00¤¤¤0¤#0¤#####..#...#
#....###.0¤¤¤¤¤¤0##00¤.###..##.#
#........¤¤¤¤0¤¤¤¤.0¤¤¤...#.##.##
%........¤¤0¤00¤######¤##.......#
#....###.¤¤¤¤0¤¤.# #...........
#....# #.........# ###.........
#....# #.........# ##........


There were no monsters in sight!

Vanquished Creatures
  An endoplasm (D:1)
  A giant cockroach (D:1)
  5 goblins (D:1)
  3 hobgoblins (D:1)
  4 ball pythons (D:1)
  2 bats (D:1)
  2 frilled lizards (D:1)
  A kobold (D:1)
  3 rats (D:1)
22 creatures vanquished.

Notes
Turn   | Place    | Note
-------+----------+-------------------------------------------
     0 | D:1      | qw the Spriggan Hunter began the quest for the Orb.
     0 | D:1      | Reached XP level 1. HP: 10/10 MP: 2/2
     0 | D:1      | 0 ||| qw: Version: 0.3-a-155-g5e7d8dd
     0 | D:1      | 0 ||| qw: Game counter: 3298
     0 | D:1      | 0 ||| qw: Melee chars always use a shield: true
     0 | D:1      | 0 ||| qw: God list: Okawaru
     0 | D:1      | 0 ||| qw: Allow faded altars: false
     0 | D:1      | 0 ||| qw: Do Orc after clearing Dungeon:15 true
     0 | D:1      | 0 ||| qw: Do second Lair branch before Depths: true
     0 | D:1      | 0 ||| qw: Lair rune preference: random
     0 | D:1      | 0 ||| qw: Goals: Normal
     0 | D:1      | 0 ||| PLANNING D:1-11
    38 | D:1      | Reached skill level 3 in Dodging
   105 | D:1      | Reached XP level 2. HP: 12/14 MP: 3/3
   460 | D:1      | 460 ||| UPGRADING to +0 cloak.
   465 | D:1      | 465 ||| READING scroll labelled ONOYCV WOUWIPO.
   469 | D:1      | 469 ||| READING scroll labelled BOWKEO ERGHARAZ.
   470 | D:1      | 470 ||| DRINKING 2 bubbling white potions.
   471 | D:1      | 471 ||| DROPPING scroll of butterflies.
   473 | D:1      | 473 ||| Stepping ~*~*~tactically~*~*~ (cloud).
   474 | D:1      | 474 ||| DRINKING potion of curing.
   474 | D:1      | 474 ||| (to cure poison)
   476 | D:1      | 476 ||| Stepping ~*~*~tactically~*~*~ (cloud).
   477 | D:1      | HP: 1/14 [poisoned by you (poison gas)]
   478 | D:1      | Succumbed to their own poison gas

Levels and vault maps discovered:
D:1:      giann_horns, layout_rooms

Skill      XL: |  1  2 |
---------------+-------+-----
Dodging        | 3 4 |  4.0
Fighting       | |  1.5
Ranged Weapons | |  4.2
Stealth        | |  1.5

Action                     || total
---------------------------++-------
   Fire: Shortbow          ||    46
    Use: Scroll            ||     2
         Potion            ||     2
 Armour: Robe              ||     3
  Dodge: Dodged            ||     7

Table legend:
 A = Non-vault XP
 B = Vault XP
 C = Vault XP percentage of total XP
 D = Non-vault monster count
 E = Vault monster count
 F = Vault count percentage of total count
                 A         B        C        D         E       F
            +---------+---------+-------+---------+---------+-------
      Total |      32 |       0 |   0.0 |      22 |       0 |   0.0
            +---------+---------+-------+---------+---------+-------
        D:1 |      32 |       0 |   0.0 |      22 |       0 |   0.0
            +---------+---------+-------+---------+---------+-------
